TEX
SPRINGFIELD CARDINALS @ MIDLAND ROCKHOUNDS
07/02/2099
 
TOP OF THE 1ST
Springfield Cardinals batting - Pitching for Midland RockHounds : LHP Chris Ricks
Pitching: LHP Chris Ricks
Batting: RHB Michael Ray 0-0: Bunt missed!
0-1: Swinging Strike
0-2: Ball
1-2: Strikes out swinging
Batting: RHB Ray Scott 0-0: Foul Ball, location: 9LSF
0-1: Foul Ball, location: 9LMF
0-2: Foul Ball, location: 2F
0-2: Foul Ball, location: 23FF
0-2: Hit by Pitch
Batting: RHB Bob Lopez 0-0: Ball
1-0: Called Strike
1-1: Ball
2-1: Ball
3-1: Foul Ball, location: 2F
3-2: Foul Ball, location: 2F
3-2: Foul Ball, location: 3F
3-2: Foul Ball, location: 3DF
3-2: Strikes out looking
Batting: SHB Matt Gordon 0-0: Ball
1-0: Called Strike
Ray Scott steals 2nd base
1-1: Swinging Strike
1-2: Strikes out swinging
Top of the 1st over - 0 runs, 0 hits, 0 errors, 1 left on base; Springfield 0 - Midland 0
BOTTOM OF THE 1ST
Midland RockHounds batting - Pitching for Springfield Cardinals : RHP Calvin Carter
Pitching: RHP Calvin Carter
Batting: LHB Phil Stuart 0-0: Swinging Strike
0-1: Called Strike
0-2: Fly out, F6 (Popup, 6M, EV 69.4 MPH)
Batting: SHB Andy Phillips 0-0: Called Strike
0-1: Swinging Strike
0-2: Strikes out looking
Batting: RHB Jose Cota 0-0: Foul Ball, location: 25F
0-1: SINGLE (Groundball, 6MS, EV 73.8 MPH) (infield hit)
Batting: RHB Bobby Flores 0-0: Called Strike
0-1: Foul Ball, location: 2F
0-2: Fly out, F9 (Flyball, 9, EV 85.6 MPH)
Bottom of the 1st over - 0 runs, 1 hit, 0 errors, 1 left on base; Springfield 0 - Midland 0
TOP OF THE 2ND
Springfield Cardinals batting - Pitching for Midland RockHounds : LHP Chris Ricks
Batting: LHB Sean Jensen 0-0: Foul Ball, location: 2F
0-1: Ball
1-1: Ground out 4-3 (Groundball, 4, EV 80.0 MPH)
Batting: RHB Gabriel Galindo 0-0: Ball
1-0: Ball
2-0: Ball
3-0: Called Strike
3-1: Swinging Strike
3-2: Foul Ball, location: 5FF
3-2: Strikes out looking
Batting: RHB Sansan Loureiro 0-0: Ball
1-0: Ball
2-0: Fly out, F8 (Flyball, 8RM, EV 86.3 MPH)
Top of the 2nd over - 0 runs, 0 hits, 0 errors, 0 left on base; Springfield 0 - Midland 0
BOTTOM OF THE 2ND
Midland RockHounds batting - Pitching for Springfield Cardinals : RHP Calvin Carter
Batting: RHB Milt May 0-0: Ball
1-0: Swinging Strike
1-1: Ball
2-1: Foul Ball, location: 5FF
2-2: Ball
3-2: Base on Balls
Batting: LHB Jesse Nunes Pickoff Throw to First - Out! 1-3
0-0: Ball
1-0: Called Strike
1-1: Fly out, F7 (Flyball, 78M, EV 90.0 MPH)
Batting: RHB Brian Kantar 0-0: Ground out 6-3 (Groundball, 6, EV 84.4 MPH)
Bottom of the 2nd over - 0 runs, 0 hits, 0 errors, 0 left on base; Springfield 0 - Midland 0
TOP OF THE 3RD
Springfield Cardinals batting - Pitching for Midland RockHounds : LHP Chris Ricks
Batting: RHB Rick Novak 0-0: Called Strike
0-1: Ball
1-1: Foul Ball, location: 2F
1-2: Strikes out swinging
Batting: RHB Alex Cary 0-0: Ball
1-0: Fly out, F8 (Flyball, 8LD, EV 107.5 MPH)
Batting: RHB Michael Ray 0-0: Swinging Strike
0-1: Called Strike
0-2: Ball
1-2: Ball
2-2: Foul Ball, location: 2F
2-2: Foul Ball, location: 2F
2-2: Foul Ball, location: 2F
2-2: Foul Ball, location: 9LSF
2-2: Ball
3-2: Fly out, F9 (Flyball, 9D, EV 104.4 MPH)
Top of the 3rd over - 0 runs, 0 hits, 0 errors, 0 left on base; Springfield 0 - Midland 0
BOTTOM OF THE 3RD
Midland RockHounds batting - Pitching for Springfield Cardinals : RHP Calvin Carter
Batting: RHB Luis Zuniga 0-0: Called Strike
0-1: Ball
1-1: Called Strike
1-2: Ground out 6-3 (Groundball, 6, EV 92.5 MPH)
Batting: RHB Kevin Paquette 0-0: Called Strike
0-1: Called Strike
0-2: Ball
1-2: Strikes out swinging
Batting: LHB Phil Stuart 0-0: Foul Ball, location: 3FF
0-1: Ball
1-1: Ball
2-1: SINGLE (Flyball, 8LS, EV 87.5 MPH)
Batting: SHB Andy Phillips 0-0: Ball
1-0: Fly out, F8 (Flyball, 8RXD, EV 80.6 MPH)
Bottom of the 3rd over - 0 runs, 1 hit, 0 errors, 1 left on base; Springfield 0 - Midland 0
TOP OF THE 4TH
Springfield Cardinals batting - Pitching for Midland RockHounds : LHP Chris Ricks
Batting: RHB Ray Scott 0-0: Ball
1-0: Called Strike
1-1: Foul Ball, location: 2F
1-2: Strikes out swinging
Batting: RHB Bob Lopez 0-0: SINGLE (Line Drive, 89S, EV 91.9 MPH)
Batting: SHB Matt Gordon 0-0: Foul Ball, location: 9LDF
0-1: Foul Ball, location: 7LSF
0-2: Strikes out swinging
Batting: LHB Sean Jensen 0-0: Fly out, F8 (Flyball, 8RM, EV 81.9 MPH)
Top of the 4th over - 0 runs, 1 hit, 0 errors, 1 left on base; Springfield 0 - Midland 0
BOTTOM OF THE 4TH
Midland RockHounds batting - Pitching for Springfield Cardinals : RHP Calvin Carter
Batting: RHB Jose Cota 0-0: Called Strike
0-1: Ball
1-1: Ball
2-1: Foul Ball, location: 2F
2-2: Ball
3-2: Foul Ball, location: 9LSF
3-2: Fly out, F8 (Flyball, 8LM, EV 98.1 MPH)
Batting: RHB Bobby Flores 0-0: Swinging Strike
0-1: Swinging Strike
0-2: Strikes out looking
Batting: RHB Milt May 0-0: Called Strike
0-1: Ball
1-1: SOLO HOME RUN (Flyball, 78XD, EV 106.3 MPH), Distance : 414 ft
Batting: LHB Jesse Nunes 0-0: Called Strike
0-1: Ball
1-1: Foul Ball, location: 7LDF
1-2: Ball
2-2: Fly out, F8 (Flyball, 8LXD, EV 110.6 MPH)
Bottom of the 4th over - 1 run, 1 hit, 0 errors, 0 left on base; Springfield 0 - Midland 1
TOP OF THE 5TH
Springfield Cardinals batting - Pitching for Midland RockHounds : LHP Chris Ricks
Batting: RHB Gabriel Galindo 0-0: Called Strike
0-1: Swinging Strike
0-2: Strikes out swinging
Batting: RHB Sansan Loureiro 0-0: Ball
1-0: Ball
2-0: Ball
3-0: Base on Balls
Batting: RHB Rick Novak 0-0: Swinging Strike
0-1: Ball
1-1: Called Strike
1-2: Strikes out looking
Batting: RHB Alex Cary 0-0: Ball
1-0: Fly out, F9 (Flyball, 9S, EV 91.9 MPH)
Top of the 5th over - 0 runs, 0 hits, 0 errors, 1 left on base; Springfield 0 - Midland 1
BOTTOM OF THE 5TH
Midland RockHounds batting - Pitching for Springfield Cardinals : RHP Calvin Carter
Batting: RHB Brian Kantar 0-0: Ground out U3 (Groundball, 3, EV 82.5 MPH)
Batting: RHB Luis Zuniga 0-0: Called Strike
0-1: TRIPLE (Flyball, 89XD, EV 90.6 MPH)
Batting: RHB Kevin Paquette 0-0: Ball
1-0: Ball
2-0: Called Strike
2-1: Foul Ball, location: 5F
2-2: Fly out, F7 (Flyball, 7, EV 93.1 MPH)
Runner from 3rd tags up, SCORES, throw by LF
Batting: LHB Phil Stuart 0-0: Called Strike
0-1: Fly out, F9 (Line Drive, 89D, EV 85.6 MPH)
Bottom of the 5th over - 1 run, 1 hit, 0 errors, 0 left on base; Springfield 0 - Midland 2
TOP OF THE 6TH
Springfield Cardinals batting - Pitching for Midland RockHounds : LHP Chris Ricks
Batting: RHB Michael Ray 0-0: Ball
1-0: Ground out 4-3 (Groundball, 4M, EV 86.3 MPH)
Batting: RHB Ray Scott 0-0: Ball
1-0: Ball
2-0: Fly out, F4 (Popup, 4MD, EV 53.1 MPH)
Batting: RHB Bob Lopez 0-0: Ball
1-0: Foul Ball, location: 5FF
1-1: Ball
2-1: Ball
3-1: Called Strike
3-2: SINGLE (Groundball, 4D, EV 105.0 MPH)
Batting: SHB Matt Gordon 0-0: Called Strike
0-1: Foul Ball, location: 25FF
0-2: Foul Ball, location: 2F
0-2: Strikes out looking
Top of the 6th over - 0 runs, 1 hit, 0 errors, 1 left on base; Springfield 0 - Midland 2
BOTTOM OF THE 6TH
Midland RockHounds batting - Pitching for Springfield Cardinals : RHP Calvin Carter
Batting: SHB Andy Phillips 0-0: Ball
1-0: Ball
2-0: Called Strike
2-1: Foul Ball, location: 7LDF
2-2: Ball
3-2: Base on Balls
Batting: RHB Jose Cota 0-0: SINGLE (Flyball, 4D, EV 86.3 MPH)
Andy Phillips to second
Batting: RHB Bobby Flores 0-0: Foul Ball, location: 2F
0-1: Ball
1-1: Foul Ball, location: 23F
1-2: Ball
2-2: Ground out 5-3 (Groundball, 56S, EV 70.6 MPH)
Andy Phillips to third
Jose Cota to second
Batting: RHB Milt May 0-0: Ball
1-0: Foul Ball, location: 5SF
1-1: Foul Ball, location: 3DF
1-2: Strikes out swinging
Batting: LHB Jesse Nunes 0-0: Ball
1-0: Ball
2-0: Foul Ball, location: 7LSF
2-1: Ball
3-1: Swinging Strike
3-2: Base on Balls
Batting: RHB Brian Kantar 0-0: Ground out 5-3 (Groundball, 56S, EV 84.4 MPH)
Bottom of the 6th over - 0 runs, 1 hit, 0 errors, 3 left on base; Springfield 0 - Midland 2
TOP OF THE 7TH
Springfield Cardinals batting - Pitching for Midland RockHounds : LHP Chris Ricks
Batting: LHB Sean Jensen 0-0: Ball
1-0: Ball
2-0: Foul Ball, location: 2F
2-1: Swinging Strike
2-2: Foul Ball, location: 25F
2-2: Strikes out swinging
Batting: RHB Gabriel Galindo 0-0: Swinging Strike
0-1: Foul Ball, location: 9LSFF
0-2: Strikes out swinging
Batting: RHB Sansan Loureiro 0-0: Ball
1-0: SINGLE (Line Drive, 8LS, EV 93.1 MPH)
Batting: RHB Rick Novak 0-0: Foul Ball, location: 7LSF
0-1: Called Strike
0-2: Ball
1-2: Strikes out looking
Top of the 7th over - 0 runs, 1 hit, 0 errors, 1 left on base; Springfield 0 - Midland 2
BOTTOM OF THE 7TH
Midland RockHounds batting - Pitching for Springfield Cardinals : RHP Calvin Carter
Batting: RHB Luis Zuniga 0-0: Called Strike
0-1: SINGLE (Groundball, 34D, EV 95.0 MPH)
Batting: RHB Kevin Paquette 0-0: Ball
1-0: Ball
2-0: Ball
3-0: Base on Balls
Luis Zuniga to second
Batting: LHB Phil Stuart 0-0: Ball
1-0: Foul Ball, location: 5FF
1-1: Swinging Strike
1-2: Foul Ball, location: 7LSF
1-2: Ball
2-2: Strikes out swinging
Batting: SHB Andy Phillips 0-0: Ball
1-0: Foul Ball, location: 2F
1-1: Ball
2-1: Foul Ball, location: 2F
2-2: Foul Ball, location: 3F
2-2: Ball
3-2: Foul Ball, location: 9LDF
3-2: Base on Balls
Luis Zuniga to third
Kevin Paquette to second
Batting: RHB Jose Cota 0-0: Called Strike
0-1: Ball
1-1: Ball
2-1: Grounds into double play, 5-2-3 (Groundball, 56S, EV 83.1 MPH)
Bottom of the 7th over - 0 runs, 1 hit, 0 errors, 2 left on base; Springfield 0 - Midland 2
TOP OF THE 8TH
Springfield Cardinals batting - Pitching for Midland RockHounds : LHP Chris Ricks
Pitching: RHP Joe Chadburn
Batting: RHB Alex Cary 0-0: Foul Ball, location: 2RF
0-1: Called Strike
0-2: Strikes out looking
Pinch Hitting: LHB Josh Crawford 0-0: Called Strike
0-1: Called Strike
0-2: Foul Ball, location: 2F
0-2: Ball
1-2: Ball
2-2: Ball
3-2: Ground out 6-3 (Groundball, 6, EV 86.9 MPH)
Batting: RHB Ray Scott 0-0: Called Strike
0-1: Swinging Strike
0-2: Strikes out swinging
Top of the 8th over - 0 runs, 0 hits, 0 errors, 0 left on base; Springfield 0 - Midland 2
BOTTOM OF THE 8TH
Midland RockHounds batting - Pitching for Springfield Cardinals : RHP Calvin Carter
Pitching: RHP Mike Colledge
Now in LF: Josh Crawford
Now in CF: Gabriel Galindo
Now in RF: Matt Gordon
Batting: RHB Bobby Flores 0-0: Ball
1-0: Ball
2-0: Ball
3-0: Base on Balls
Batting: RHB Milt May 0-0: Ball
1-0: 2-RUN HOME RUN (Flyball, 7LD, EV 91.3 MPH), Distance : 347 ft
Batting: LHB Jesse Nunes 0-0: Called Strike
0-1: Ball
1-1: Called Strike
1-2: Strikes out swinging
Batting: RHB Brian Kantar 0-0: Called Strike
0-1: Ball
1-1: Ball
2-1: Foul Ball, location: 2RF
2-2: Ball
3-2: Ground out 6-3 (Groundball, 56D, EV 101.9 MPH)
Batting: RHB Luis Zuniga 0-0: Ball
1-0: Ball
2-0: Called Strike
2-1: Swinging Strike
2-2: Ball
3-2: SINGLE (Groundball, 3D, EV 77.5 MPH) (infield hit)
Batting: RHB Kevin Paquette 0-0: Ball
1-0: Swinging Strike
1-1: Ball
2-1: Swinging Strike
2-2: Foul Ball, location: 9LMF
2-2: Foul Ball, location: 2F
2-2: Foul Ball, location: 9LMF
2-2: Ball
3-2: Strikes out swinging
Bottom of the 8th over - 2 runs, 2 hits, 0 errors, 1 left on base; Springfield 0 - Midland 4
TOP OF THE 9TH
Springfield Cardinals batting - Pitching for Midland RockHounds : RHP Joe Chadburn
Batting: RHB Bob Lopez 0-0: Ball
1-0: Ball
2-0: Foul Ball, location: 2F
2-1: Foul Ball, location: 2F
2-2: Foul Ball, location: 2F
2-2: SINGLE (Groundball, 4MD, EV 100.0 MPH)
Batting: SHB Matt Gordon 0-0: Ball
1-0: Ball
2-0: Swinging Strike
2-1: Foul Ball, location: 5F
2-2: Foul Ball, location: 2F
2-2: Foul Ball, location: 2F
2-2: Strikes out swinging
Batting: LHB Sean Jensen 0-0: Ball
1-0: Called Strike
1-1: Ball
2-1: Ball
3-1: Foul Ball, location: 2F
3-2: Strikes out swinging
Batting: RHB Gabriel Galindo 0-0: Swinging Strike
0-1: Swinging Strike
0-2: Ball
1-2: Strikes out swinging
Top of the 9th over - 0 runs, 1 hit, 0 errors, 1 left on base; Springfield 0 - Midland 4
Friday, May 10th , 2024 - OOTP Baseball 24.11 Build 85